 Dungeon Sprint DCSS version 0.18-a0-1413-g4eaa9ac (webtiles) character file.

105407 Kidiri the Slayer (level 15, 0/168 HPs)
             Began as a Minotaur Fighter on Feb 25, 2016.
             Was a High Priest of Okawaru.
             Killed by vampiric draining
             ... invoked by Jory
              (8 damage)
             ... in the Dungeon (Sprint VII: "The Pits").
             The game lasted 00:33:55 (7172 turns).

Kidiri the Slayer (Minotaur Fighter)                Turns: 7172, Time: 00:33:56

Health: 0/168      AC: 26    Str: 32    XL:     15   Next: 94%
Magic:  32/34      EV: 27    Int:  3    God:    Okawaru [*****.]
Gold:   17         SH: 24    Dex: 17    Spells: 0 memorised, 14 levels left

rFire  . . .     SeeInvis +     J - +0 hand axe of Darkness {chop, rC- MR++ SInv Stlth+}
rCold  + . .     Gourm    .     a - +0 scale mail "Tybry" {rC++ MP+9 Dex+2}
rNeg   . . .     Faith    .     D - +4 shield "Uhaenau" {Str+4 Dex+3}
rPois  .         Spirit   .     (helmet restricted)
rElec  .         Dismiss  .     G - +2 cloak {+Inv}
rCorr  .         Reflect  .     u - +1 pair of gloves {Str+3}
SustAt .         Harm     .     (no boots)
MR     +++..     NoTele   +     (no amulet)
Stlth  ++........               t - +3 ring of protection
                                l - +3 ring of protection

@: heroism, finesse, very slightly contaminated, extremely resistant to hostile
enchantments, unstealthy
A: retaliatory headbutt, horns 2, dopey 1, subdued magic 1
a: Heroism, Finesse, Renounce Religion, Evoke Invisibility


You were in the Dungeon.
You worshipped Okawaru.
Okawaru was extremely pleased with you.
You were full.

You visited 1 branch You collected 17 gold pieces.

Inventory:

Hand Weapons
 J - the +0 hand axe of Darkness (weapon) {chop, rC- MR++ SInv Stlth+}
   (Okawaru gifted it to you in the Dungeon)

   It inflicts extra damage upon your enemies.
   It makes you vulnerable to cold.
   It affects your resistance to hostile enchantments.
   It lets you see invisible.
   It makes you more stealthy.
Missiles
 c - 7 javelins of returning
 x - 11 tomahawks
 H - 15 javelins
 M - 8 javelins of penetration (quivered)
Armour
 a - the +0 scale mail "Tybry" (worn) {rC++ MP+9 Dex+2}
   (Okawaru gifted it to you in the Dungeon)

   It affects your dexterity (+2).
   It greatly protects you from cold.
   It affects your magic capacity (+9).
 u - a +1 pair of gloves of strength (worn)
 D - the +4 shield "Uhaenau" (worn) {Str+4 Dex+3}
   (Okawaru gifted it to you in the Dungeon)

   It affects your strength (+4).
   It affects your dexterity (+3).
 G - a +2 cloak of invisibility (worn)
Jewellery
 l - a +3 ring of protection (left hand)
 t - a +3 ring of protection (right hand)
 E - an uncursed ring of protection from cold
Wands
 z - a wand of iceblast (5/15)
Scrolls
 p - 2 scrolls of vulnerability
 q - 4 scrolls of remove curse
 r - 5 scrolls of amnesia
 s - a scroll of summoning
 y - 3 scrolls of fog
 A - 2 scrolls of fear
 C - 2 scrolls of identify
Potions
 d - a potion of might
 h - 2 potions of haste
 i - 4 potions of magic
 j - 4 potions of berserk rage
 o - 2 potions of invisibility
 v - 3 potions of brilliance
 w - 4 potions of resistance
 B - 2 potions of agility
Comestibles
 b - 8 chunks of flesh
 f - 9 bread rations
 g - 2 inedible chunks of flesh
 m - 18 fruits
 n - 6 meat rations
 K - 18 royal jellies


   Skills:
 * Level 24.5(27) Fighting
 + Level 18.5(23.5) Axes
 + Level 13.1(18.1) Throwing
 - Level 23.5(27) Armour
 + Level 17.0(22.0) Dodging
 * Level 24.5(27) Shields
 + Level 15.8 Invocations
 + Level 2.5 Evocations


You had 14 spell levels left.
You didn't know any spells.

Dungeon Overview and Level Annotations

Branches:
Dungeon (1/1)

Altars:
Ashenzari
Cheibriados
Dithmenos
Elyvilon
Fedhas
Gozag
Kikubaaqudgha
Makhleb
Nemelex Xobeh
Okawaru
Pakellas
Qazlal
Ru
Sif Muna
Trog
Vehumet
Xom
Yredelemnul
Zin
The Shining One
Beogh
Jiyva
Lugonu

Annotations:
D Frederick, Jory


Innate Abilities, Weirdness & Mutations

You reflexively headbutt those who attack you in melee.
You have a pair of horns on your head.
You are dopey. (Int -2)
Your spells are a little easier to cast, but a little less powerful.


Message History

Unknown command.
You barely miss Jory. Your headbutt misses Jory.
Jory is almost destroyed.
You hit Jory. Your headbutt misses Jory.
Jory is almost destroyed.
You closely miss Jory. You headbutt Jory!
Jory is almost destroyed.
Jory is infused with unholy energy.
* * * LOW HITPOINT WARNING * * *
Jory draws life force from you and is healed!
You closely miss Jory. You headbutt Jory.
Jory is almost destroyed.
Unknown command.
You slash Jory! Your headbutt misses Jory.
Jory is almost destroyed.
Unknown command.
You barely miss Jory. Your headbutt misses Jory.
Jory is almost destroyed.
Jory is infused with unholy energy.
You die...

....@ ####YY#### #####++#####
#...mV[(.#### #..........#
.....##[)†...#####..........#
............)(.(''..#....#..# .
..........V([(+'(.........#
################..........#
####################..#....#..#
................@V''..........#
....).............''..........#
###+############..##..#....#..#
##)#)#.#)#.#.#.#..##..........+
#.#.#.#}#}#.#.##..##..........+
##}#.#)#.#.#)#.#..####++####''#
#.#.#.#}#.#.#.##..####++####''###
##.#.#.#.#.#.#.#..##...)..##.....
################..##.#+##.##.....


You could see Jory.

Vanquished Creatures
  An orb of fire (D)
  A greater mummy (D)
  2 pandemonium lords (D)
  A Killer Klown (D)
  A curse toe (D)
  A bone dragon (D)
  An electric golem (D)
  An Ice Fiend (D)
  A Hell Sentinel (D)
  A quicksilver dragon (D)
  A deep elf master archer (D)
  A titan (D)
  An acid blob (D)
  A greater naga (D)
  A daeva (D)
  A fire giant (D)
  A ghost moth (D)
  2 orc warlords (D)
  A balrug (D)
  A cacodemon (D)
  An ophan (D)
  A spriggan defender (D)
  A red draconian (D)
  A dire elephant (D)
  Azrael (D)
  2 purple draconians (D)
  2 mottled draconians (D)
  A white draconian (D)
  Snorg (D)
  An eidolon (D)
  A blizzard demon (D)
  Josephine (D)
  A vault guard (D)
  A merfolk javelineer (D)
  A merfolk impaler (D)
  3 yaktaur captains (D)
  3 naga warriors (D)
  A hydra (D)
  A hell beast (D)
  An ogre mage (D)
  2 alligators (D)
  3 death yaks (D)
  Erica (D)
  3 hell hogs (D)
  2 vampire magi (D)
  3 deep elf knights (D)
  A fire crab (D)
  A death drake (D)
  A wizard (D)
  A shadow wraith (D)
  A deep troll (D)
  A swamp dragon (D)
  A naga ritualist (D)
  A spriggan druid (D)
  2 deep elf magi (D)
  10 orc knights (D)
  3 harpies (D)
  A manticore (D)
  A hornet (D)
  A cyclops (D)
  2 rust devils (D)
  An eye of devastation (D)
  A smoke demon (D)
  A black mamba (D)
  A molten gargoyle (D)
  Psyche (D)
  A spiny frog (D)
  A komodo dragon (D)
  7 yaktaurs (D)
  A freezing wraith (D)
  2 ice devils (D)
  A hellwing (D)
  An efreet (D)
  5 merfolk (D)
  2 two-headed ogres (D)
  A troll (D)
  A wind drake (D)
  A snapping turtle (D)
  A boulder beetle (D)
  Sigmund (D)
  2 air elementals (D)
  3 redbacks (D)
  A tarantella (D)
  5 yaks (D)
  2 spriggans (D)
  6 wraiths (D)
  A fire bat (D)
  4 fire elementals (D)
  Grum (D)
  A hippogriff (D)
  A neqoxec (D)
  2 steam dragons (D)
  7 vampire mosquitoes (D)
  A mottled dragon (D)
  3 wolves (D)
  2 large abominations (D)
  2 nagas (D)
  A water moccasin (D)
  2 hell hounds (D)
  A phantom (D)
  2 eyes of draining (D)
  An orc warrior (D)
  A necrophage (D)
  3 wasps (D)
  A small abomination (D)
  2 ogres (D)
  A crocodile (D)
  2 scorpions (D)
  11 killer bees (D)
  A hound (D)
  A gnoll shaman (D)
  Ijyb (D)
  2 orc wizards (D)
  2 worker ants (D)
  16 sheep (D)
  A mummy (D)
  4 gnolls (D)
  An adder (D)
  A river rat (D)
  2 giant eyeballs (D)
  An ufetubus (D)
  An adder zombie (D)
  An adder skeleton (D)
  An adder simulacrum (D)
  5 orcs (D)
  A giant cockroach (D)
  A goblin (D)
  2 hobgoblins (D)
  2 jackals (D)
  A bat simulacrum (D)
  A giant gecko zombie (D)
  A giant newt (D)
  2 rats (D)
245 creatures vanquished.

Vanquished Creatures (others)
  An azure jelly (D)
  An unseen horror (D)
  A wind drake (D)
3 creatures vanquished.

Grand Total: 248 creatures vanquished

Notes
Turn   | Place    | Note
--------------------------------------------------------------
     0 | D        | Kidiri the Minotaur Fighter began the quest for the Orb.
     0 | D        | Reached XP level 1. HP: 19/19 MP: 0/0
    28 | D        | Reached skill level 1 in Dodging
    28 | D        | Reached XP level 2. HP: 21/27 MP: 1/1
    66 | D        | Found a sacrificial altar of Ru.
    66 | D        | Found a basalt altar of Yredelemnul.
    66 | D        | Found a shadowy altar of Dithmenos.
    66 | D        | Found a deep blue altar of Sif Muna.
    66 | D        | Found a burning altar of Makhleb.
    66 | D        | Found a shimmering altar of Xom.
    66 | D        | Found an ancient bone altar of Kikubaaqudgha.
    66 | D        | Found a sparkling altar of Nemelex Xobeh.
    67 | D        | Found a glowing golden altar of the Shining One.
    67 | D        | Found a bloodstained altar of Trog.
    67 | D        | Found a shattered altar of Ashenzari.
    67 | D        | Found a white marble altar of Elyvilon.
    67 | D        | Found a snail-covered altar of Cheibriados.
    67 | D        | Found a blossoming altar of Fedhas.
    67 | D        | Found a radiant altar of Vehumet.
    67 | D        | Found a glowing silver altar of Zin.
    67 | D        | Found a corrupted altar of Lugonu.
    67 | D        | Found a viscous altar of Jiyva.
    67 | D        | Found a roughly hewn altar of Beogh.
    67 | D        | Found an iron altar of Okawaru.
    68 | D        | Found an oddly glowing altar of Pakellas.
    73 | D        | Found a stormy altar of Qazlal.
    73 | D        | Found an opulent altar of Gozag.
    76 | D        | Became a worshipper of Warmaster Okawaru
    94 | D        | Killed an azure jelly
   105 | D        | Reached skill level 5 in Fighting
   105 | D        | Reached skill level 5 in Armour
   105 | D        | Reached skill level 5 in Shields
   105 | D        | Reached skill level 1 in Invocations
   105 | D        | Reached XP level 3. HP: 21/36 MP: 2/2
   230 | D        | Paralysed by a giant eyeball for 2 turns
   342 | D        | Noticed a scorpion
   356 | D        | Killed a scorpion
   356 | D        | Reached XP level 4. HP: 31/45 MP: 4/4
   698 | D        | Reached XP level 5. HP: 51/51 MP: 4/6
   708 | D        | Reached * piety under Okawaru
   708 | D        | Reached skill level 5 in Axes
   723 | D        | Noticed a spriggan
   725 | D        | Killed a spriggan
   725 | D        | Reached XP level 6. HP: 57/62 MP: 4/8
   756 | D        | Reached ** piety under Okawaru
   756 | D        | Reached skill level 5 in Dodging
   779 | D        | Noticed an efreet
   779 | D        | Noticed a yak
   779 | D        | Noticed a yak
   779 | D        | Noticed a yak
   779 | D        | Noticed a yak
   779 | D        | Noticed a yak
   788 | D        | Killed a yak
   788 | D        | Reached XP level 7. HP: 64/71 MP: 7/9
   794 | D        | Killed a yak
   794 | D        | Reached skill level 10 in Fighting
   794 | D        | Reached skill level 10 in Armour
   794 | D        | Reached skill level 10 in Shields
   794 | D        | Reached skill level 5 in Invocations
   801 | D        | Killed a yak
   808 | D        | Killed an efreet
   808 | D        | Reached *** piety under Okawaru
   808 | D        | Reached XP level 8. HP: 24/81 MP: 8/11
  1213 | D        | Noticed a boulder beetle
  1213 | D        | Noticed a deep elf mage
  1213 | D        | Killed an unseen horror
  1219 | D        | Killed a boulder beetle
  1219 | D        | Reached **** piety under Okawaru
  1226 | D        | Killed a deep elf mage
  1226 | D        | Reached XP level 9. HP: 83/90 MP: 10/13
  1504 | D        | Noticed Psyche
  1505 | D        | Noticed Ijyb
  1512 | D        | Reached ***** piety under Okawaru
  1531 | D        | Killed Psyche
  1539 | D        | Killed Ijyb
  1544 | D        | Noticed an ogre mage
  1546 | D        | Reached XP level 10. HP: 84/101 MP: 14/14
  1550 | D        | Noticed a hell hog
  1552 | D        | Noticed a hell hog
  1555 | D        | Noticed a cyclops
  1556 | D        | Noticed a hell hog
  1557 | D        | Reached skill level 10 in Axes
  1563 | D        | Killed an ogre mage
  1563 | D        | Received a gift from Okawaru
  1568 | D        | Killed a hell hog
  1572 | D        | Killed a hell hog
  1577 | D        | Killed a hell hog
  1580 | D        | Killed a cyclops
  1590 | D        | HP: 2/104 [burnt (6)]
  1876 | D        | Noticed an eight-headed hydra
  1876 | D        | Noticed Sigmund
  1877 | D        | Noticed Grum
  1877 | D        | Noticed a harpy
  1879 | D        | Noticed a rust devil
  1879 | D        | Noticed a harpy
  1881 | D        | Reached skill level 15 in Fighting
  1882 | D        | Noticed a harpy
  1886 | D        | Noticed Josephine
  1888 | D        | Killed Sigmund
  1888 | D        | Killed a harpy
  1888 | D        | Reached skill level 15 in Armour
  1888 | D        | Reached XP level 11. HP: 107/112 MP: 0/16
  1889 | D        | Reached skill level 10 in Dodging
  1893 | D        | Killed a harpy
  1893 | D        | Received a gift from Okawaru
  1893 | D        | Reached skill level 15 in Shields
  1895 | D        | Killed a 13-headed hydra
  1901 | D        | Killed Grum
  1902 | D        | Killed a harpy
  1913 | D        | Killed Josephine
  1913 | D        | Received a gift from Okawaru
  1913 | D        | Reached ****** piety under Okawaru
  2433 | D        | Noticed an alligator
  2433 | D        | Noticed an alligator
  2440 | D        | Killed an alligator
  2440 | D        | Reached skill level 1 in Throwing
  2440 | D        | Reached skill level 10 in Invocations
  2449 | D        | Killed a shadow wraith
  2452 | D        | Killed an alligator
  2607 | D        | Noticed Snorg
  2616 | D        | Killed Snorg
  2616 | D        | Reached XP level 12. HP: 109/124 MP: 12/18
  2834 | D        | Noticed a white draconian
  2834 | D        | Noticed an eidolon
  2856 | D        | Killed a white draconian
  2862 | D        | Noticed Azrael
  2886 | D        | Killed an eidolon
  2891 | D        | Received a gift from Okawaru
  2908 | D        | Killed Azrael
  2914 | D        | Noticed a merfolk javelineer
  2925 | D        | Noticed Erica
  2929 | D        | Killed a merfolk javelineer
  2929 | D        | Reached skill level 5 in Throwing
  2983 | D        | Killed Erica
  2991 | D        | Noticed a greater naga
  3011 | D        | Killed a greater naga
  3539 | D        | Noticed a naga warrior
  3539 | D        | Noticed an Ice Fiend
  3539 | D        | Noticed a mottled draconian
  3539 | D        | Noticed a spriggan defender
  3546 | D        | Killed a naga warrior
  3546 | D        | Received a gift from Okawaru
  3547 | D        | Got a bone hand axe {god gift}
  3558 | D        | Killed an Ice Fiend
  3558 | D        | Reached XP level 13. HP: 94/136 MP: 14/20
  3574 | D        | Killed a mottled draconian
  3574 | D        | Received a gift from Okawaru
  3581 | D        | Killed a spriggan defender
  3621 | D        | Identified the +0 hand axe of Darkness {chop, rC- MR++ SInv Stlth+} (Okawaru gifted it to you in the Dungeon)
  4018 | D        | Received a gift from Okawaru
  4019 | D        | Got a faintly humming shield {god gift}
  4069 | D        | Noticed an orc warlord
  4071 | D        | Identified the +4 shield "Uhaenau" {Str+4 Dex+3} (Okawaru gifted it to you in the Dungeon)
  4094 | D        | Killed an orc warlord
  4105 | D        | Noticed an orc warlord
  4143 | D        | Killed an orc warlord
  4370 | D        | Noticed a red draconian
  4404 | D        | Killed a red draconian
  4428 | D        | Reached skill level 15 in Axes
  4450 | D        | Received a gift from Okawaru
  4450 | D        | Reached XP level 14. HP: 89/149 MP: 22/22
  4454 | D        | Got a heavily runed scale mail {god gift}
  4465 | D        | Identified the +0 scale mail "Tybry" {rC++ MP+9 Dex+2} (Okawaru gifted it to you in the Dungeon)
  4509 | D        | Noticed a ghost moth
  4527 | D        | Killed a ghost moth
  4854 | D        | Got the +0 cloak of the Albatross {MP+9}
  4939 | D        | Got the cursed -6 large shield "Womoitum" {rF+ rC+ Regen+}
  5011 | D        | Noticed an electric golem
  5030 | D        | Noticed an acid blob
  5037 | D        | Killed an electric golem
  5041 | D        | Killed an acid blob
  5171 | D        | Noticed Fiegyass the pandemonium lord
  5223 | D        | Killed Fiegyass the pandemonium lord
  5223 | D        | Reached skill level 10 in Throwing
  5341 | D        | Noticed a Killer Klown
  5364 | D        | Killed a Killer Klown
  5364 | D        | Received a gift from Okawaru
  5472 | D        | Noticed Weivepn the pandemonium lord
  5503 | D        | Killed Weivepn the pandemonium lord
  5503 | D        | Received a gift from Okawaru
  5555 | D        | Noticed a cacodemon
  5569 | D        | Killed a cacodemon
  5569 | D        | Received a gift from Okawaru
  5569 | D        | Reached skill level 15 in Dodging
  5638 | D        | Noticed a Hell Sentinel
  5638 | D        | Noticed a bone dragon
  5638 | D        | Noticed a titan
  5638 | D        | Noticed a daeva
  5646 | D        | Killed a daeva
  5650 | D        | Killed a titan
  5652 | D        | Killed a bone dragon
  5652 | D        | Reached XP level 15. HP: 132/161 MP: 24/24
  5670 | D        | Killed a Hell Sentinel
  5670 | D        | Received a gift from Okawaru
  5677 | D        | Got a brightly glowing robe {god gift}
  5860 | D        | Noticed a fire giant
  5870 | D        | Killed a fire giant
  5875 | D        | Noticed an orb of fire
  5894 | D        | Gained mutation: Your spells are a little easier to cast, but a little less powerful. [an orb of fire]
  5899 | D        | Gained mutation: You are dopey. (Int -2) [an orb of fire]
  5902 | D        | Killed an orb of fire
  6381 | D        | Noticed a quicksilver dragon
  6389 | D        | Killed a quicksilver dragon
  6391 | D        | Noticed a greater mummy
  6406 | D        | Killed a greater mummy
  6406 | D        | Reached skill level 15 in Invocations
  6663 | D        | Noticed a curse toe
  6692 | D        | Killed a curse toe
  6928 | D        | Noticed a deep elf master archer
  6946 | D        | Killed a deep elf master archer
  7072 | D        | Reached skill level 1 in Evocations
  7087 | D        | Received a gift from Okawaru
  7090 | D        | Noticed Jory
  7121 | D        | Noticed Frederick
  7136 | D        | HP: 8/168 [poisoned by a merfolk]
  7141 | D        | HP: 4/168 [poisoned by a merfolk]
  7169 | D        | HP: 8/168 [Jory/vampiric draining (26)]
  7172 | D        | Killed from afar by Jory

Vault maps used:
D:        pitsprint

Skill      XL: |  1  2  3  4  5  6  7  8  9 10 11 12 13 14 15 |
---------------+----------------------------------------------+-----
Fighting       | 4 5 6 8 9 10 12 13 15 16 18 20 22 24 | 24.5
Armour         | 4 5 6 8 9 10 12 13 15 16 18 20 22 23 | 23.5
Dodging        | 1 2 3 4 5 6 7 8 9 11 12 13 15 17 | 17.0
Shields        | 4 5 6 8 9 10 12 13 14 16 18 20 22 24 | 24.5
Axes           | 3 4 5 6 7 8 9 11 12 13 15 16 18 | 18.5
Invocations    | 1 2 4 5 6 7 9 10 11 12 14 15 | 15.8
Throwing       | 2 6 8 11 13 | 13.1
Evocations     | 2 |  2.5

Action                   |  1- 3 |  4- 6 |  7- 9 | 10-12 | 13-15 || total
-------------------------+-------+-------+-------+-------+-------++-------
Melee: War axe           |     3 |       |   106 |   287 |    23 ||   419
       Hand axe          |    25 |    48 |    23 |       |   689 ||   785
Throw: Javelin           |       |       |       |    11 |    30 ||    41
       Tomahawk          |       |       |       |     2 |    11 ||    13
Invok: Heroism           |       |     2 |     6 |     8 |    19 ||    35
       Finesse           |       |       |       |     7 |    17 ||    24
  Use: Potion            |       |       |     1 |    12 |    10 ||    23
       Scroll            |       |       |       |     2 |     2 ||     4
 Stab: Sleeping          |       |       |       |       |     6 ||     6
  Eat: Chunk             |       |       |     3 |     2 |     3 ||     8
       Meat ration       |       |       |       |     1 |       ||     1
       Fruit             |       |       |       |     1 |    21 ||    22
